 Dungeon Crawl Stone Soup version 0.26.1-11-gd32895ea62 (webtiles) character file.

Game seed: 8452118867098894063

443 Theotherone the Cleaver (level 6, -1/50 HPs)
             Began as a Minotaur Berserker on May 8, 2021.
             Was a Priest of Trog.
             Succumbed to poison (poison gas)
             ... on level 4 of the Dungeon on May 9, 2021.
             The game lasted 00:12:39 (2765 turns).

Theotherone the Cleaver (Minotaur Berserker)        Turns: 2765, Time: 00:12:39

Health: -1/50      AC: 11    Str: 22    XL:     6   Next: 71%
Magic:  5/5        EV:  9    Int:  4    God:    Trog [***...]
Gold:   190        SH:  2    Dex:  9    Spells: 5/5 levels left

rFire    x . .     SeeInvis .   a - +0 hand axe
rCold    + + .     Faith    .   j - +0 buckler
rNeg     . . .     Spirit   .   h - +0 ice dragon scales
rPois    .         Reflect  .   (helmet restricted)
rElec    .         Harm     .   (no cloak)
rCorr    .         Rampage  .   (no gloves)
Will     +....                  x - +0 pair of boots
Stlth    ..........             n - amulet of the acrobat
HPRegen  0.16/turn              w - +4 ring of slaying
MPRegen  0.09/turn              (no ring)

@: lethally poisoned (-1 -> -51), flying, very slightly contaminated, invisible
A: retaliatory headbutt, horns 2, frail 1, strong-willed 1, weak 1, no potion
heal 1
a: Renounce Religion, Berserk, Trog's Hand


You were on level 4 of the Dungeon.
You worshipped Trog.
Trog was most pleased with you.
You visited 1 branch of the dungeon, and saw 4 of its levels.

You collected 190 gold pieces.

Inventory:

Hand Weapons
 a - a +0 hand axe (weapon)
 e - a +0 vorpal spear
 k - a +1 hand axe of venom
 s - a +2 trident of flaming
 B - a +3 spear of venom
Missiles
 c - 3 curare-tipped darts
Armour
 b - a +0 animal skin
 h - +0 ice dragon scales (worn)
 j - a +0 buckler (worn)
 x - a +0 pair of boots (worn)
Jewellery
 n - an amulet of the acrobat (around neck)
 v - an uncursed ring of ice
 w - a +4 ring of slaying (left hand)
 A - an uncursed ring of protection from cold {unknown}
Scrolls
 d - a scroll of immolation {unknown}
 f - 3 scrolls of noise
 i - a scroll of identify {@r1}
 l - 3 scrolls of enchant weapon {unknown}
 m - a scroll of magic mapping {unknown}
 o - a scroll of blinking {unknown}
 u - a scroll of amnesia {unknown}
 y - a scroll of remove curse {unknown}
 z - 2 scrolls of teleportation {unknown}
Potions
 g - a potion of brilliance
 r - a potion of ambrosia
 C - a potion of resistance


   Skills:
 + Level 5.4 Fighting
 + Level 8.2 Axes
 - Level 2.4 Armour
 - Level 2.1 Dodging


You had 5 spell levels left.
You didn't know any spells.
Your spell library was empty.

Dungeon Overview and Level Annotations

Branches:
Dungeon (4/15)
 Temple: D:4-7

Altars:
Sif Muna

Annotations:
D:4 1 transporter


Innate Abilities, Weirdness & Mutations

You reflexively headbutt those who attack you in melee.
You have a pair of horns on your head.
You are frail. (-10% HP)
You are strong-willed. (Will+)
You are weak. (Str -2)
Potions are less effective at restoring your health.


Message History

You are engulfed in poison gas.
You are lethally poisoned!
You feel very sick.
You are engulfed in poison gas.
You are more poisoned.
* * * LOW HITPOINT WARNING * * *
You feel very sick.
* * * LOW HITPOINT WARNING * * *
You feel very sick.
Okay, then.
Okay, then.
It was a potion of invisibility.
You fade into invisibility!
* * * LOW HITPOINT WARNING * * *
You feel very sick.
You are very lightly contaminated with residual magic.
It was a potion of flight.
You feel very buoyant.
You fly up into the air.
You die...

#○○.○○○°#...#.#
#°☼#©#°○#...#.######
#○°...☼°#...#......##
#☼°#.#○°#..##$......#
#°○...○○#<..........#
####○○○####...####...#
... #°○○○○○°○°#.†.#
...# ....
#°○○☼°°°☼○#...# ..#
##.. #°○○.@.○°○#.### .#
<.####.#°☼○$)$☼°○#.#
####.#....#○○○)©$°°°#.#
#......##.###########.#
#......##.####.©......#
#......#.....#....#####
#......#.....##...#
####'#.#.........##
#.#.####......#


There were no monsters in sight!

Vanquished Creatures
  The ghost of Tirrikindir the Shield-Bearer, an amateur OpFi (D:3)
  A bullfrog zombie (D:3)
  A hound (D:4)
  An ogre zombie (D:4)
  A hound zombie (D:3)
  4 gnolls
  An orc zombie (D:4)
  14 adders
  2 worms (D:3)
  2 dart slugs
  3 leopard geckos
  6 orcs (D:3)
  A giant cockroach (D:2)
  9 goblins
  4 hobgoblins
  14 jackals
  7 kobolds
  A quokka (D:3)
  4 ball pythons (D:2)
  6 bats
  5 frilled lizards
  A giant cockroach zombie (D:3)
  A jackal zombie (D:3)
  A quokka zombie (D:3)
  5 rats
96 creatures vanquished.

Notes
Turn   | Place    | Note
-------+----------+-------------------------------------------
     0 | D:1      | Theotherone the Minotaur Berserker began the quest for the
                  | Orb.
     0 | D:1      | Reached XP level 1. HP: 19/19 MP: 0/0
   283 | D:1      | Reached skill level 4 in Axes
   409 | D:1      | Reached XP level 2. HP: 22/26 MP: 1/1
   906 | D:2      | Reached skill level 5 in Axes
   909 | D:2      | Reached XP level 3. HP: 31/31 MP: 2/2
   957 | D:2      | Reached ** piety under Trog
  1088 | D:2      | Reached skill level 6 in Axes
  1088 | D:2      | Reached XP level 4. HP: 39/39 MP: 3/3
  1314 | D:2      | Reached skill level 7 in Axes
  1314 | D:2      | Reached XP level 5. HP: 44/45 MP: 4/4
  1538 | D:3      | Reached *** piety under Trog
  2063 | D:3      | Reached skill level 8 in Axes
  2220 | D:3      | Found a runed translucent gate.
  2220 | D:3      | Found a runed translucent gate.
  2220 | D:3      | Found a runed translucent gate.
  2221 | D:3      | Noticed Tirrikindir's ghost (amateur OpFi)
  2276 | D:3      | Found a shimmering blue altar of Sif Muna.
  2471 | D:3      | Gained mutation: You are frail. (-10% HP) [potion of
                  | mutation]
  2471 | D:3      | Gained mutation: You are weak. (Str -2) [potion of
                  | mutation]
  2471 | D:3      | Gained mutation: Potions are less effective at restoring
                  | your health. [potion of mutation]
  2471 | D:3      | Gained mutation: You are strong-willed. (Will+) [potion of
                  | mutation]
  2478 | D:3      | Reached XP level 6. HP: 46/46 MP: 5/5
  2479 | D:3      | Killed Tirrikindir's ghost
  2480 | D:3      | Reached skill level 5 in Fighting
  2624 | D:4      | Found a transporter.
  2693 | D:4      | Found a transporter.
  2728 | D:4      | HP: 2/50 [poisoned by an orc warrior zombie]
  2764 | D:4      | HP: 2/50 [poison (poison gas)]
  2765 | D:4      | Succumbed to poison (poison gas)

Illustrated notes

Levels and vault maps discovered:
D:1:      lightli_molten_gateway, layout_basic
D:2:      layout_rooms, minmay_snake_closets
D:3:      layout_rooms, general_overflow_altar, gammafunk_ghost_necromancy
D:4:      gammafunk_cloud_chamber, layout_basic

Skill      XL: |  1  2  3  4  5  6 |
---------------+-------------------+-----
Axes           | 4 5 6 7 8 |  8.2
Fighting       | 4 5 |  5.4
Armour         | |  2.4
Dodging        | |  2.1

Action                   |  1- 3 |  4- 6 || total
-------------------------+-------+-------++-------
Melee: Hand axe          |    55 |   127 ||   182
       Headbutt          |     8 |    25 ||    33
Invok: Berserk           |       |     3 ||     3
       Trog's Hand       |       |     3 ||     3
  Use: Scroll            |       |     3 ||     3
       Potion            |       |     7 ||     7
Armor: Ice dragon scales |    30 |    64 ||    94
Dodge: Dodged            |    42 |    90 ||   132
